 Dungeon Crawl Stone Soup version 0.30.1 (webtiles) character file.

Game seed: 7562617710871487686

15657 Peloso the Carver (level 12, -1/106 HPs)
             Began as a Minotaur Fighter on July 2, 2023.
             Was a High Priest of Okawaru.
             Killed from afar by an ice dragon (45 damage)
             ... with a blast of cold
             ... on level 11 of the Dungeon.
             The game lasted 00:23:14 (13346 turns).

Peloso the Carver (Minotaur Fighter)               Turns: 13346, Time: 00:23:14

Health: -1/106     AC: 21    Str: 23    XL:     12   Next: 3%
Magic:  10/11      EV:  8    Int:  5    God:    Okawaru [*****.]
Gold:   687        SH: 12    Dex: 13    Spells: 11/11 levels left

rFire   . . .        a - +3 long sword (elec)
rCold   . . .        d - +0 buckler
rNeg    . . .        k - +0 plate armour
rPois   .            M - +2 hat
rElec   .            (no cloak)
rCorr   .            (no gloves)
SInv    .            x - +2 pair of boots {Fly}
Will    .....        i - amulet of reflection Stlth
                     (no ring)
HPRegen 0.37/turn    (no ring)
MPRegen 0.12/turn

%: reflection
@: mighty, flying
A: horns 2, retaliatory headbutt
a: Renounce Religion, Heroism, Finesse, Duel


You were on level 11 of the Dungeon.
You worshipped Okawaru.
Okawaru was extremely pleased with you.
You visited 2 branches of the dungeon, and saw 12 of its levels.
You also visited: Ossuary and Bailey.

You collected 923 gold pieces.
You spent 236 gold pieces at shops.

Inventory:

Hand Weapons
 a - a +3 long sword of electrocution (weapon)
 b - a +0 long sword
 c - a +2 hand axe of flaming
Missiles
 w - 4 throwing nets (quivered)
Armour
 d - a +0 buckler (worn)
 k - a +0 plate armour (worn)
 x - a +2 pair of boots of flying (worn)
 K - a +1 chain mail of poison resistance
 M - a +2 hat (worn)
Jewellery
 i - an amulet of reflection (around neck)
 r - an amulet of guardian spirit
 I - a ring of wizardry
Wands
 o - a wand of iceblast (37)
 E - a wand of flame (8)
 F - a wand of mindburst (7)
 J - a wand of digging (8)
Scrolls
 e - 6 scrolls of teleportation
 l - 3 scrolls of silence
 m - 2 scrolls of noise
 n - 3 scrolls of fear
 q - 3 scrolls of blinking
 s - a scroll of magic mapping
 y - a scroll of fog {unknown}
 B - a scroll of enchant weapon
 G - 2 scrolls of immolation
 L - a scroll of acquirement
Potions
 f - a potion of cancellation
 g - 4 potions of might
 h - 6 potions of mutation
 j - 11 potions of curing
 p - a potion of ambrosia
 t - a potion of heal wounds
 u - 2 potions of invisibility
 v - 3 potions of resistance {unknown}
 z - a potion of magic
 A - 2 potions of flight {unknown}
 C - 4 potions of attraction {unknown}
 D - 3 potions of brilliance {unknown}
 H - 2 potions of haste {unknown}


   Skills:
 + Level 9.8 Fighting
 + Level 14.2 Long Blades
 + Level 13.0 Armour
 + Level 2.3 Dodging
 + Level 0.3 Stealth
 + Level 11.0 Shields
 + Level 0.2 Invocations


You had 11 spell levels left.
You didn't know any spells.
Your spell library contained the following spells:

 Spells                   Type           Power      Damage    Failure   Level
 Lesser Beckoning         Tloc           0%         N/A       100%        2
 Poisonous Vapours        Pois/Air       0%         N/A       100%        2
 Gell's Gravitas          Tloc           0%         N/A       100%        3
 Mephitic Cloud           Conj/Pois/Air  0%         N/A       100%        3
 Teleport Other           Tloc           0%         N/A       100%        3
 Freezing Cloud           Conj/Ice/Air   0%         6-21      100%        5


Dungeon Overview and Level Annotations

Branches:
Dungeon (11/15)            Temple (1/1) D:6            Lair (0/5) D:10
    Orc (0/2) D:9         Ossuary (visited)          Bailey (visited)

Altars:
Ashenzari
Cheibriados
Dithmenos
Elyvilon
Fedhas
Gozag
Hepliaklqana
Kikubaaqudgha
Makhleb
Nemelex Xobeh
Okawaru
Qazlal
Ru
Sif Muna
Trog
Uskayaw
Vehumet
Wu Jian
Xom
Yredelemnul
Zin
The Shining One

Shops:
D:5 [=:   D:11 :

Portals:
Ice
Cave: D:11

Annotations:
D:8 3 runed translucent doors, zxspectator's ghost, novice FoFi


Innate Abilities, Weirdness & Mutations

You have a pair of horns on your head.
You reflexively headbutt those who attack you in melee.


Message History

The ice dragon claws you! The ice dragon closely misses you.
You feel much better. You block the ice dragon's attack.
The ice dragon claws you but does no damage.
The ice dragon tramples you but does no damage.
Unknown command.
You hit the ice dragon. You headbutt the ice dragon.
The ice dragon is lightly wounded.
You hit the ice dragon but do no damage.
The ice dragon is lightly wounded.
The ice dragon breathes frost at you. The blast of cold misses you.
You hit the ice dragon but do no damage.
You headbutt the ice dragon!
The ice dragon is lightly wounded.
The ice dragon breathes frost at you. The blast of cold hits you!!
You completely miss the ice dragon.
The ice dragon is lightly wounded.
You slash the ice dragon!
The ice dragon is moderately wounded.
You block the ice dragon's attack.
The ice dragon claws you but does no damage.
You block the ice dragon's attack.
You hit the ice dragon.
Lightning courses through the ice dragon!!
The ice dragon is heavily wounded.
You block the ice dragon's attack. The ice dragon closely misses you.
You block the ice dragon's attack.
You hit the ice dragon but do no damage.
The ice dragon is heavily wounded.
The ice dragon barely misses you.
The ice dragon claws you but does no damage.
The ice dragon tramples you but does no damage.
You hit the ice dragon but do no damage.
The ice dragon is heavily wounded.
You feel like a meek peon again.
You feel very mighty all of a sudden. The ice dragon breathes frost at you.
The blast of cold hits you!!!
You die...

..........###
............##
.............########
#..........###......##
#.#.........##.####..#
###########....# ##.#
# *****###### #.# ***
**,,,*#** #####.#
#.##*,,...#h####@..#.#
##.#*,,∩..hhD†#D##.#.#
.#.#*,,,,,,**#h###...#
...#**,,,*,* ### #####
...##*******#####
.!..#########...#
........#.......#
.........#......#
##.#......#.....#


You could see an ice dragon (catching breath) and a polar bear.

Vanquished Creatures
  2 vault guards (Bailey)
  A boulder beetle (D:11)
  3 two-headed ogres
  A kobold demonologist (D:10)
  Maggie (D:7)
  A hornet (D:8)
  Prince Ribbit (Bailey)
  Sigmund (D:4)
  2 wyverns
  15 yaks
  Grum (D:9)
  5 humans (Bailey)
  8 vampire mosquitoes
  Menkaure (D:4)
  2 acid dragons
  2 ice beasts
  7 sky beasts
  4 wolves
  2 black bears (D:6)
  3 orc warriors
  4 ogres
  11 centaurs
  A phantom (D:5)
  10 kobold brigands (D:10)
  4 bullfrogs
  2 scorpions
  A gnoll sergeant (D:6)
  7 wights
  15 killer bees
  2 howler monkeys
  3 electric eels
  A lava snake (D:8)
  2 hounds (D:5)
  5 orc priests
  A jelly (D:4)
  Ijyb (D:3)
  5 iguanas
  2 sleepcaps
  Jessica (D:3)
  5 orc wizards
  12 mummies (Ossuary)
  9 adders
  19 gnolls
  A shadow imp (D:8)
  3 white imps
  A worm (D:3)
  A dart slug (D:3)
  23 orcs
  7 bats
  8 endoplasms
  8 hobgoblins
  3 jackals (D:3)
  4 kobolds
  6 quokkas
  11 ball pythons
  A frilled lizard (D:2)
  2 gnoll skeletons (Ossuary)
  9 goblins
  4 goblin skeletons (Ossuary)
  2 orc skeletons (Ossuary)
  3 rats (D:1)
  11 rat skeletons (Ossuary)
294 creatures vanquished.

Vanquished Creatures (others)
  An orc wizard (D:6)
1 creature vanquished.

Grand Total: 295 creatures vanquished

Notes
Turn   | Place    | Note
-------+----------+-------------------------------------------
     0 | D:1      | Peloso the Minotaur Fighter began the quest for the Orb.
     0 | D:1      | Reached XP level 1. HP: 19/19 MP: 0/0
   178 | D:1      | Reached XP level 2. HP: 27/27 MP: 1/1
   642 | D:1      | Found a faded altar of an unknown god.
   964 | D:2      | Reached XP level 3. HP: 33/33 MP: 2/2
  1210 | D:2      | Reached skill level 3 in Long Blades
  1463 | D:2      | Reached XP level 4. HP: 24/40 MP: 3/3
  1855 | D:3      | Noticed Ijyb
  1866 | D:3      | Killed Ijyb
  1902 | D:3      | Reached skill level 4 in Long Blades
  2018 | D:3      | Noticed Jessica
  2021 | D:3      | Killed Jessica
  2022 | D:3      | Reached skill level 5 in Armour
  2027 | D:3      | Reached XP level 5. HP: 45/46 MP: 4/4
  2792 | D:4      | Noticed Menkaure
  2823 | D:4      | HP: 1/46 [quokka (4)]
  2973 | D:4      | Killed Menkaure
  2974 | D:4      | Reached skill level 5 in Long Blades
  2974 | D:4      | Reached XP level 6. HP: 50/53 MP: 5/5
  3075 | D:4      | Reached skill level 6 in Long Blades
  3084 | D:4      | Reached skill level 1 in Dodging
  3188 | D:4      | Reached XP level 7. HP: 58/60 MP: 6/6
  3347 | D:4      | Reached skill level 5 in Fighting
  3396 | D:4      | Noticed Sigmund
  3406 | D:4      | Killed Sigmund
  3407 | D:4      | Reached skill level 7 in Long Blades
  3504 | D:4      | Found an opulent altar of Gozag.
  3513 | D:4      | Found an ancient bone altar of Kikubaaqudgha.
  3570 | D:5      | Entered Level 5 of the Dungeon
  3570 | D:5      | Found Cuaq's Book Emporium.
  3570 | D:5      | Found Pioneen's Jewellery Emporium.
  3570 | D:5      | Found Isiaghof's Armour Emporium.
  3943 | D:5      | Reached skill level 5 in Shields
  3943 | D:5      | Reached XP level 8. HP: 70/70 MP: 7/7
  4230 | D:5      | Reached skill level 8 in Long Blades
  4238 | D:5      | Found a sparkling altar of Nemelex Xobeh.
  4764 | D:6      | Found a sand-covered staircase.
  4779 | Ossuary  | Entered an ossuary
  5305 | D:6      | Reached skill level 9 in Long Blades
  5469 | D:6      | Found a bloodstained altar of Trog.
  5590 | D:6      | Reached XP level 9. HP: 30/78 MP: 8/8
  5800 | D:6      | Found a staircase to the Ecumenical Temple.
  5813 | Temple   | Entered the Ecumenical Temple
  5960 | D:6      | Found a blossoming altar of Fedhas.
  6085 | D:6      | Reached skill level 10 in Long Blades
  6733 | D:5      | Bought a +2 pair of boots of flying for 236 gold pieces
  6866 | D:7      | Reached skill level 11 in Long Blades
  6955 | D:7      | Noticed Maggie
  6976 | D:7      | Killed Maggie
  7420 | D:7      | Found an iron altar of Okawaru.
  7965 | D:7      | Became a worshipper of Warmaster Okawaru
  8033 | D:8      | Noticed zxspectator's ghost (novice FoFi)
  8127 | D:8      | Reached skill level 10 in Armour
  8173 | D:8      | Reached XP level 10. HP: 60/86 MP: 9/9
  8276 | D:8      | Noticed a two-headed ogre
  8285 | D:8      | Killed a two-headed ogre
  8285 | D:8      | Reached * piety under Okawaru
  8600 | D:8      | Reached skill level 12 in Long Blades
  8602 | D:8      | Reached ** piety under Okawaru
  9105 | D:8      | Found a runed translucent gate.
  9105 | D:8      | Found a runed translucent gate.
  9106 | D:8      | Found a runed translucent gate.
  9154 | D:8      | Paralysed by a hornet for 1 turns
  9157 | D:8      | Paralysed by a hornet for 3 turns
  9737 | D:9      | Reached *** piety under Okawaru
  9815 | D:9      | Noticed Grum
  9825 | D:9      | Killed Grum
  9829 | D:9      | Reached XP level 11. HP: 36/95 MP: 10/10
  9846 | D:9      | Found a staircase to the Orcish Mines.
  9898 | D:9      | Found a flagged portal.
  9929 | Bailey   | Entered a bailey
 10120 | Bailey   | Noticed Prince Ribbit
 10120 | Bailey   | Noticed a vault guard
 10125 | Bailey   | Killed Prince Ribbit
 10136 | Bailey   | Killed a vault guard
 10136 | Bailey   | Reached **** piety under Okawaru
 10137 | Bailey   | Reached skill level 13 in Long Blades
 10251 | Bailey   | Noticed a vault guard
 10261 | Bailey   | Killed a vault guard
 10891 | D:9      | Found a white marble altar of Elyvilon.
 11265 | D:9      | Reached ***** piety under Okawaru
 11307 | D:10     | Entered Level 10 of the Dungeon
 11317 | D:10     | Reached skill level 10 in Shields
 11635 | D:10     | Found a staircase to the Lair.
 11856 | D:10     | Noticed a two-headed ogre
 11866 | D:10     | Killed a two-headed ogre
 11996 | D:10     | Found a shimmering blue altar of Sif Muna.
 12346 | D:10     | Noticed a two-headed ogre
 12359 | D:10     | Killed a two-headed ogre
 12360 | D:10     | Reached skill level 14 in Long Blades
 12419 | D:10     | Found a hide-covered altar of Uskayaw.
 13064 | D:10     | Identified a scroll of acquirement
 13180 | D:11     | Found Maalant's Book Shop.
 13217 | D:11     | Noticed a boulder beetle
 13236 | D:11     | Killed a boulder beetle
 13236 | D:11     | Received a gift from Okawaru
 13237 | D:11     | Reached XP level 12. HP: 43/106 MP: 8/11
 13317 | D:11     | Found a frozen archway.
 13319 | D:11     | Noticed an ice dragon
 13346 | D:11     | Killed from afar by an ice dragon

Illustrated notes

Levels and vault maps discovered:
D:1:      dpeg_arrival_ternary, layout_basic,
          shapermc_ecumenical_altar_mp_highgroup,
          nicolae_concentric_dashed_squares_mild
D:2:      layout_rooms, wad_orctagon
D:3:      layout_basic, uniq_ijyb, uniq_jessica
D:4:      layout_basic, mainiacjoe_overflow_swirl, uniq_menkaure, uniq_sigmund
D:5:      layout_loops_ring, nemelex_diamond_rough_becter,
          minmay_misc_feat_tiny, glass_columns_c,
          nicolae_shop_distant_corner_stores
D:6:      layout_loops_ring, lemuel_round_altar, trog_ov_bears_minmay,
          minmay_temple_entry_mist, nicolae_ossuary_entry_monument,
          hangedman_decor_growths, kennysheep_cross_room
D:7:      layout_gridville, kennysheep_mini_moat, minmay_misc_feat_encased,
          kennysheep_big_empty_room, minivault_11, dreamdust_princess_bridge,
          uniq_maggie
D:8:      layout_basic, gammafunk_ghost_icy, minmay_misc_feat_x,
          kennysheep_opposing_triangles
D:9:      layout_long_grid, nicolae_elyvilon_temple_path,
          minmay_orc_entry_temple_small, enter_bailey_2, uniq_grum
D:10:     layout_layer_cave, tgw_sif, eat_drink_and_be_merry_uskayaw,
          lair_entry_dummy, special_room [special_room_kobold]
D:11:     layout_big_octagon, portal_ice_cave_entry_animals_and_master,
          serial_shops, nicolae_book_shop_shelving, kennysheep_small_spiral
Temple:   dshaligram_water_room_temple

Skill      XL: |  1  2  3  4  5  6  7  8  9 10 11 |
---------------+----------------------------------+-----
Armour         | 4 5 6 7 8 10 11 13 | 13.0
Shields        | 4 5 6 8 11 | 11.0
Fighting       | 4 5 6 7 8 9 |  9.8
Long Blades    | 3 4 5 6 7 9 11 12 14 | 14.2
Dodging        | 1 2 |  2.3
Stealth        | |  0.3
Invocations    | |  0.2

Action                     |  1- 3 |  4- 6 |  7- 9 | 10-12 || total
---------------------------+-------+-------+-------+-------++-------
  Melee: Long sword        |    88 |    75 |   339 |   442 ||   944
         Headbutt          |    11 |    11 |    59 |    96 ||   177
 Invoke: Heroism           |       |       |       |     4 ||     4
    Use: Scroll            |     2 |       |    14 |     6 ||    22
         Potion            |       |     4 |     2 |     5 ||    11
 Armour: Scale mail        |    28 |       |       |       ||    28
         Plate armour      |    22 |    77 |   195 |   193 ||   487
  Dodge: Dodged            |    36 |    41 |    73 |   111 ||   261
  Block: Buckler           |    21 |    20 |   105 |   259 ||   405
         Reflection        |       |       |     1 |    24 ||    25
